 Dungeon Crawl Stone Soup version 0.18.1-48-g4cf74bf (webtiles) character file.

287673 tyrion the Warrior (level 19, -11/301 HPs)
             Began as a Minotaur Gladiator on July 19, 2016.
             Was a High Priest of Okawaru.
             Mangled by a deep elf blademaster
             ... wielding a +0 short sword
              (15 damage)
             ... on level 3 of the Elven Halls on July 20, 2016.
             The game lasted 02:11:22 (43875 turns).

tyrion the Warrior (Minotaur Gladiator)            Turns: 43875, Time: 02:11:23

Health: -11/301    AC: 25    Str: 29      XL:     19   Next: 86%
Magic:  21/25      EV:  2    Int:  5 (6)  God:    Okawaru [*****.]
Gold:   3091       SH:  0    Dex: 14      Spells: 4 memorised, 18 levels left

rFire  . . .     SeeInvis .     F - +5 lajatang (elec)
rCold  . . .     Gourm    .     (armour currently unavailable)
rNeg   + + +     Faith    .     (shield currently unavailable)
rPois  +         Spirit   .     (helmet currently unavailable)
rElec  .         Dismiss  .     (cloak currently unavailable)
rCorr  .         Reflect  .     (gloves currently unavailable)
SustAt +         Harm     .     (boots currently unavailable)
MR     ++...     NoTele   +     q - macabre finger necklace {rN+}
Stlth  +.........               r - +6 ring of strength
                                V - +3 ring of intelligence
                                v - ring of sustain attributes

@: tree-form, finesse, corroded, very resistant to hostile enchantments, very
unstealthy
A: (retaliatory headbutt), (horns 0), (talons 0), blurry vision 1, clumsy 2,
dopey 1, magic resistance 1, robust 1, screaming 1, strong 1, teleportitis 1,
MP-powered wands
a: Heroism, Finesse, Renounce Religion
}: 2/15 runes: decaying, serpentine


You were on level 3 of the Elven Halls.
You worshipped Okawaru.
Okawaru was extremely pleased with you.
You were not hungry.
You were a tree.
You visited 7 branches of the dungeon, and saw 37 of its levels.
You visited the Abyss 1 time.

You collected 4211 gold pieces.
You spent 1120 gold pieces at shops.

Inventory:

Hand Weapons
 F - a +5 lajatang of electrocution (weapon)
Armour
 b - a +2 pair of gloves (melded)
 G - the +7 plate armour of the Dances {rPois rN+ Dex+3 SInv}
   (Okawaru gifted it to you on level 1 of the Swamp)

   It affects your dexterity (+3).
   It protects you from poison.
   It protects you from negative energy.
   It lets you see invisible.
 P - a +1 hat (melded)
 Q - the +5 scale mail of Okawaru's Reproof (melded) {Dex+4}
   (Okawaru gifted it to you on level 13 of the Dungeon)

   It affects your dexterity (+4).
 R - the +2 pair of boots of Logaoro (melded) {rC+}
   (Okawaru gifted it to you on level 8 of the Lair of Beasts)

   It protects you from cold.
 Z - a +1 cloak of poison resistance (melded)
Jewellery
 c - an uncursed ring of flight
 q - the macabre finger necklace (around neck) {rN+}
   (You found it on level 4 of the Dungeon)

   [amulet of nothing]

   It protects you from negative energy.
 r - a +6 ring of strength (right branch)
 v - a ring of sustain attributes (on amulet)
 B - an uncursed ring of wizardry
 O - the amulet "Fatrops" {Inacc rElec rN+++ MP+9 Stlth-}
   (You found it on level 2 of the Swamp)

   [amulet of inaccuracy]

   It reduces the accuracy of all your attacks.
   It insulates you from electricity.
   It renders you almost immune to negative energy.
   It affects your magic capacity (+9).
   It makes you less stealthy.
 V - a +3 ring of intelligence (left branch)
Wands
 e - a wand of acid (8/15)
 g - a wand of teleportation (0/9)
 k - a wand of acid (9/15)
 m - a wand of digging (18/24)
 A - a wand of confusion (17/48)
 K - a wand of paralysis (5/24)
Scrolls
 j - 2 scrolls of fog
 l - 3 scrolls of amnesia
 p - 7 scrolls of magic mapping
 y - 4 scrolls of enchant armour
 C - 7 scrolls of remove curse
 M - 8 scrolls of identify
Potions
 a - a potion of cancellation
 d - a potion of resistance
 i - 2 potions of curing
 o - a potion of might
 z - a potion of ambrosia
 D - a potion of invisibility
 E - 2 potions of lignification
 H - 3 potions of cure mutation
 S - 2 potions of brilliance
 X - a potion of berserk rage
 Y - a potion of flight
Books
 I - a book of Burglary

   Spells                             Type                      Level
   a - Swiftness                      Charms/Air                   2
   b - Passwall                       Transmutation/Earth          2
   c - Passage of Golubria            Translocation                4
   d - Lee's Rapid Deconstruction     Earth                        5
   e - Darkness                       Hexes                        6
   f - Invisibility                   Hexes                        6
 N - a book of Battle

   Spells                             Type                      Level
   a - Infusion                       Charms                       1
   b - Shroud of Golubria             Charms/Translocation         2
   c - Song of Slaying                Charms                       2
   d - Spectral Weapon                Hexes/Charms                 3
   e - Regeneration                   Charms/Necromancy            3
 W - the Reference Book on Cloudy Fire
   (You found it on level 1 of the Elven Halls)

   Spells                             Type                      Level
   a - Flame Tongue                   Conjuration/Fire             1
   b - Conjure Flame                  Conjuration/Fire             3
   c - Freezing Cloud                 Conjuration/Ice/Air          6
   d - Delayed Fireball               Conjuration/Fire             7
Miscellaneous
 n - a box of beasts
Comestibles
 f - 9 bread rations
 h - 14 meat rations
 t - a beef jerky
 u - 2 slices of pizza
 w - 2 royal jellies
 L - 10 fruits


   Skills:
 * Level 19.6 Fighting
 - Level 14.0 Staves
 - Level 2.0 Throwing
 * Level 18.7 Armour
 * Level 18.1 Dodging
 + Level 3.5 Spellcasting
 - Level 4.6 Charms
 - Level 4.8 Air Magic
 * Level 9.4 Earth Magic
 - Level 4.5 Invocations
 * Level 10.5 Evocations


You had 18 spell levels left.
You knew the following spells:

 Your Spells              Type           Power        Failure   Level  Hunger
a - Passwall              Trmt/Erth      #.........   10%         2    ###....
b - Swiftness             Chrm/Air       #.......     10%         2    ###....
c - Repel Missiles        Chrm/Air       #.....       10%         2    ###....
d - Apportation           Tloc           #.........   43%         1    ##.....


Dungeon Overview and Level Annotations

Branches:
Dungeon (15/15)            Temple (1/1) D:4            Lair (8/8) D:11
  Swamp (4/4) Lair:6        Snake (4/4) Lair:3        Slime (0/6) Lair:7
    Orc (2/2) D:9             Elf (3/3) Orc:2        Vaults (0/5) D:14
 Depths: D:15

Altars:
Ashenzari
Cheibriados
Dithmenos
Elyvilon
Fedhas
Gozag
Kikubaaqudgha
Makhleb
Nemelex Xobeh
Okawaru
Pakellas
Qazlal
Ru
Sif Muna
Trog
Vehumet
Xom
Yredelemnul
Zin
The Shining One
Beogh
Lugonu

Shops:
D:9 (   Orc:2 *:[(:   Elf:1 [

Portals:
Trove: D:13 (give +5 ice dragon armour)

Annotations:
D:4 Blomdor's ghost, amateur FoBe
D:8 Erolcha
D:10 Maud
D:14 Rupert
D:15 Azrael
Swamp:4 Lernaean hydra


Innate Abilities, Weirdness & Mutations

((You reflexively headbutt those who attack you in melee.))
((You have a pair of horns on your head.))
((You have sharp toenails.))
You are dopey. (Int -2)
You are resistant to hostile enchantments.
You are robust (+10% HP).
You occasionally shout uncontrollably at your foes.
Your muscles are strong. (Str +2)
You expend magic power (3 MP) to strengthen your wands.
[Scrolls take you a little longer to read.]
[You are very clumsy. (Dex -4)]
[You are occasionally teleported next to monsters.]


Message History

Unknown command.
Unknown command.
Drink which item? (? for menu, Esc to quit)
Okay, then.
Drink which item? (? for menu, Esc to quit)
You feel better.
The deep elf sorcerer seems less brilliant.
The deep elf blademaster hits you with a short sword!
* * * LOW HITPOINT WARNING * * *
The deep elf blademaster hits you but does no damage.
The deep elf elementalist hits you with a long sword.
* * * LOW HITPOINT WARNING * * *
The balrug gestures at you. Something smites you!
* * * LOW HITPOINT WARNING * * *
The deep elf sorcerer is empowered by something's aura!
The deep elf elementalist is empowered by something's aura!
The deep elf sorcerer becomes larger for a moment.
The deep elf blademaster hits you with a short sword!
You die...

###..)....###
#...........#
#...........#
#...........#
#...........#
#...........#
#....§§§....#
###..§§§§.###
##.§e♣§##
###e###
.....ee2§e§....
.....ee§§§.....
.....§.e§......
#.............#
.##...ee....##.
##......e##
###..e#e.


You could see a deep elf blademaster, a balrug, a deep elf sorcerer and a deep
elf elementalist.

Vanquished Creatures
  Nikola (Snake:1)
  A bone dragon (Abyss:4)
  Asterion (Orc:2)
  A deep elf blademaster (Elf:2)
  3 thorn hunters
  Kirke (D:13)
  2 tentacled starspawn (Abyss:4)
  Frances (Elf:1)
  15 greater nagas
  Donald (Elf:1)
  An orc warlord (Orc:2)
  Aizul (Snake:2)
  2 deep elf elementalists (Elf:3)
  A cacodemon (Abyss:4)
  A stone giant (Orc:2)
  2 deep elf annihilators
  Josephine (D:14)
  A vault guard (D:14)
  Snorg (Orc:1)
  A fire dragon (Lair:8)
  A deep elf high priest (Elf:1)
  Fannar (Lair:1)
  The ghost of Blomdor the Cleaver, a journeyman FoBe of Trog (Orc:2)
  The ghost of harwe the Unseen, a journeyman SpEn of Dithmenos (D:13)
  The ghost of TheWanderingKnight the Protected, a journeyman HuFi of Nemelex Xobeh (D:10)
  12 naga warriors
  The ghost of contrafett the Grappler, a novice TrMo of Pakellas (Lair:1)
  25 anacondas
  25 hydras
  3 ghost crabs
  6 death yaks
  2 centaur warriors (D:13)
  11 alligators
  21 dancing weapons
  6 shock serpents
  4 orc high priests
  8 naga sharpshooters
  Nergalle (Lair:1)
  2 spriggans (Swamp:3)
  2 wretched stars (Abyss:4)
  3 skeletal warriors (D:14)
  16 deep elf knights
  A salamander mystic (Snake:4)
  A spatial maelstrom (Abyss:4)
  A death drake (Swamp:2)
  3 unseen horrors
  3 spriggan druids
  7 large abominations
  2 shambling mangroves (Swamp:3)
  12 swamp dragons
  11 naga ritualists
  2 wolf spider zombies
  10 deep elf archers
  A necromancer (Swamp:2)
  A lindwurm (Lair:8)
  5 spectral hydras (Swamp:2)
  3 hill giants
  2 orc knights (Orc:2)
  An orb spider (shapeshifter) (Elf:1)
  3 phantasmal warriors (Swamp:2)
  3 griffons
  5 orc sorcerers
  7 ugly things
  48 deep elf magi
  A wolf spider (Lair:8)
  3 hornets
  12 mana vipers
  A cyclops (D:11)
  11 salamanders
  6 elephants (Lair:8)
  44 black mambas
  18 guardian serpents
  2 sixfirhies (Abyss:4)
  A rust devil (Abyss:4)
  A spiny frog (shapeshifter) (D:14)
  5 torpor snails (Lair:8)
  20 spiny frogs
  21 naga magi
  2 orange demons
  A kobold demonologist (D:12)
  10 komodo dragons
  5 rime drakes
  A freezing wraith (D:15)
  4 swamp worm zombies (Swamp:2)
  6 trolls
  14 giant leeches
  Prince Ribbit (D:7)
  A harpy zombie (D:14)
  4 alligator zombies (Swamp:2)
  18 blink frogs
  11 bog bodies
  8 raiju
  A spectral swamp dragon (Swamp:2)
  A snapping turtle (shapeshifter) (D:15)
  5 slime creatures (Swamp:1)
  2 flying skulls (Abyss:4)
  4 air elementals
  2 shadows
  14 wyverns
  2 water elementals
  9 wraiths
  7 basilisks
  37 yaks
  5 fire elementals
  5 hungry ghosts
  A giant leech zombie (Swamp:2)
  16 hippogriffs
  A chaos spawn (Abyss:4)
  11 vampire mosquitoes
  A neqoxec (Abyss:4)
  2 mottled dragons
  30 swamp worms
  6 wargs
  9 insubstantial wisps
  51 nagas
  A spatial vortex (Abyss:4)
  2 spiny frog zombies
  17 water moccasins
  A small abomination (Abyss:4)
  14 porcupines
  A hell hound (D:15)
  40 orc warriors
  12 swamp drakes
  3 black bears
  A sky beast (D:13)
  An eye of draining (D:10)
  3 ice beasts
  2 phantoms
  16 wasps
  An alligator simulacrum (Abyss:3)
  17 ogres
  A necrophage (D:8)
  15 wolves
  The ghost of punchjaw the Ducker, an amateur DsGl of Gozag (D:5)
  11 centaurs
  21 crocodiles
  27 giant frogs
  3 big kobolds (D:12)
  2 earth elementals
  A wyvern zombie (D:14)
  4 wyvern skeletons
  4 troll zombies (Swamp:2)
  6 scorpions
  3 spriggan zombies (Swamp:2)
  12 killer bees
  9 wights
  2 howler monkeys
  An electric eel (Lair:7)
  5 centaur zombies
  A giant frog zombie (D:5)
  10 jellies
  7 crimson imps
  A quasit (D:8)
  3 centaur skeletons
  10 hounds
  13 orc priests
  A giant frog skeleton (D:9)
  2 gnoll shamans
  13 iguanas
  27 orc wizards
  16 worker ants
  A killer bee zombie (D:7)
  14 sheep
  3 hound skeletons
  A mummy (D:14)
  A howler monkey zombie (D:6)
  A worker ant zombie (D:6)
  22 adders
  3 gnolls (D:10)
  2 howler monkey skeletons
  45 river rats
  4 shadow imps
  An ooze (Lair:7)
  3 adder skeletons
  29 worms
  3 dart slugs
  10 giant geckos
  88 orcs
  4 giant cockroaches
  10 goblins
  9 hobgoblins
  6 jackals (D:5)
  3 quokkas
  7 ball pythons
  22 bats
  10 giant newts
  A jackal zombie (D:8)
  7 kobolds
  19 rats
  2 briar patches (Swamp:4)
  A fungus (Orc:2)
1474 creatures vanquished.

Vanquished Creatures (others)
  A deep elf mage (Elf:1)
  A black mamba (Snake:1)
  2 yaks (Lair:7)
  2 humans (D:13)
  2 nagas
  A swamp worm (Swamp:4)
  An orc wizard (D:6)
  A worm (D:6)
  3 orcs (D:6)
  A quokka (D:5)
  2 briar patches
  50 fungi
  48 plants
  8 starspawn tentacles (Abyss:4)
  66 starspawn tentacle segments (Abyss:4)
  3 withered plants
192 creatures vanquished.

Grand Total: 1666 creatures vanquished

Notes
Turn   | Place    | Note
--------------------------------------------------------------
     0 | D:1      | tyrion the Minotaur Gladiator began the quest for the Orb.
     0 | D:1      | Reached XP level 1. HP: 18/18 MP: 0/0
   112 | D:1      | Reached XP level 2. HP: 7/25 MP: 1/1
   537 | D:1      | Reached skill level 1 in Armour
   656 | D:1      | Reached skill level 3 in Fighting
   656 | D:1      | Reached XP level 3. HP: 31/31 MP: 2/2
  1496 | D:2      | Noticed a moth of wrath
  1499 | D:2      | Found a bloodstained altar of Trog.
  1540 | D:2      | Found a faded altar to an unknown god.
  1544 | D:2      | Reached XP level 4. HP: 26/38 MP: 3/3
  1879 | D:2      | Found a bloodstained altar of Trog.
  2177 | D:3      | Found an ancient bone altar of Kikubaaqudgha.
  2216 | D:3      | You fall through a shaft for 3 floors!
  2216 | D:6      | Noticed a giant frog
  2222 | D:6      | Killed a giant frog
  2222 | D:6      | Reached XP level 5. HP: 34/46 MP: 4/4
  2466 | D:6      | Reached skill level 4 in Fighting
  2466 | D:6      | Reached skill level 5 in Staves
  2512 | D:6      | Noticed an ice beast
  2519 | D:5      | Entered Level 5 of the Dungeon
  2527 | D:5      | Killed an ice beast
  2527 | D:5      | Reached XP level 6. HP: 19/53 MP: 5/5
  2740 | D:5      | Found a shattered altar of Ashenzari.
  2781 | D:5      | Noticed punchjaw's ghost (amateur DsGl)
  3111 | D:6      | Reached skill level 5 in Dodging
  3117 | D:6      | Found a blossoming altar of Fedhas.
  3247 | D:6      | Noticed an orc warrior
  3247 | D:6      | Found a radiant altar of Vehumet.
  3429 | D:5      | Reached XP level 7. HP: 60/60 MP: 6/6
  3444 | D:5      | Found a stormy altar of Qazlal.
  3548 | D:5      | Reached skill level 5 in Fighting
  3564 | D:5      | Found a white marble altar of Elyvilon.
  3986 | D:4      | Found a sparkling altar of Nemelex Xobeh.
  4058 | D:4      | Noticed Blomdor's ghost (amateur FoBe)
  4179 | D:3      | Found a shimmering altar of Xom.
  4669 | D:3      | Reached skill level 5 in Armour
  4921 | D:4      | Found an oddly glowing altar of Pakellas.
  4982 | D:4      | Found a staircase to the Ecumenical Temple.
  5051 | Temple   | Entered the Ecumenical Temple
  5225 | D:5      | Found an iron altar of Okawaru.
  5225 | D:5      | Found a blossoming altar of Fedhas.
  5335 | D:5      | Became a worshipper of Warmaster Okawaru
  5389 | D:5      | Reached skill level 6 in Fighting
  5389 | D:5      | Reached XP level 8. HP: 68/70 MP: 7/7
  5516 | D:5      | Reached skill level 1 in Invocations
  5664 | D:5      | Found a shadowy altar of Dithmenos.
  5777 | D:5      | Killed punchjaw's ghost
  6182 | D:6      | Reached * piety under Okawaru
  6794 | D:7      | Noticed a cyan ugly thing
  6848 | D:7      | Killed a cyan ugly thing
  6848 | D:7      | Reached ** piety under Okawaru
  6848 | D:7      | Reached skill level 7 in Fighting
  6848 | D:7      | Reached XP level 9. HP: 52/79 MP: 8/10
  7070 | D:7      | Noticed Prince Ribbit
  7086 | D:7      | Killed Prince Ribbit
  7767 | D:7      | Reached *** piety under Okawaru
  7834 | D:7      | Reached skill level 8 in Fighting
  8603 | D:8      | Reached XP level 10. HP: 89/90 MP: 12/12
  9094 | D:8      | Received a gift from Okawaru
  9168 | D:8      | Noticed Erolcha
  9705 | D:9      | Found Lewaekh's Weapon Shoppe.
 10013 | D:9      | Reached skill level 9 in Fighting
 10096 | D:9      | Reached **** piety under Okawaru
 10143 | D:9      | Found a staircase to the Orcish Mines.
 10306 | D:9      | Received a gift from Okawaru
 10351 | D:9      | Reached skill level 10 in Staves
 10612 | D:10     | Entered Level 10 of the Dungeon
 10619 | D:10     | Noticed TheWanderingKnight's ghost (journeyman HuFi)
 10645 | D:10     | Killed TheWanderingKnight's ghost
 11055 | D:10     | Noticed Maud
 11472 | D:10     | Found a deep blue altar of Sif Muna.
 11507 | D:10     | Reached skill level 10 in Fighting
 11596 | D:10     | Reached ***** piety under Okawaru
 11629 | D:10     | Reached XP level 11. HP: 81/99 MP: 13/13
 11860 | D:11     | Noticed a purple ugly thing
 11871 | D:11     | Killed a purple ugly thing
 11954 | D:11     | Reached skill level 10 in Armour
 12003 | D:11     | Noticed a purple ugly thing
 12026 | D:11     | Killed a purple ugly thing
 12049 | D:11     | Reached skill level 10 in Dodging
 12051 | D:11     | Found a staircase to the Lair.
 12220 | D:11     | Received a gift from Okawaru
 12281 | D:11     | Found a blossoming altar of Fedhas.
 12681 | D:12     | Reached skill level 11 in Fighting
 12981 | D:12     | Noticed an eight-headed hydra
 12990 | D:12     | Killed an eight-headed hydra
 13081 | D:12     | Noticed a hill giant
 13096 | D:12     | Killed an unseen horror
 13096 | D:12     | Received a gift from Okawaru
 13104 | D:12     | Killed a hill giant
 13467 | D:12     | Noticed a hill giant
 13479 | D:12     | Killed a hill giant
 13479 | D:12     | Reached XP level 12. HP: 94/111 MP: 12/14
 13733 | D:13     | Noticed harwe's ghost (journeyman SpEn)
 13765 | D:13     | Killed harwe's ghost
 13789 | D:13     | Noticed a centaur warrior
 13797 | D:13     | Killed a centaur warrior
 13797 | D:13     | Reached skill level 12 in Fighting
 14092 | D:13     | Received a gift from Okawaru
 14095 | D:13     | Got a brightly glowing scale mail {god gift}
 14106 | D:13     | Identified the +5 scale mail of Okawaru's Reproof {Dex+4} (Okawaru gifted it to you on level 13 of the Dungeon)
 14444 | D:13     | Found a portal to a secret trove of treasure.
 14572 | D:13     | Noticed a ghost crab
 14572 | D:13     | a guardian serpent changed into a ghost crab
 14584 | D:13     | Noticed a centaur warrior
 14588 | D:13     | Noticed Kirke
 14832 | D:12     | Learned a level 2 spell: Passwall
 14835 | D:12     | Learned a level 2 spell: Swiftness
 15053 | D:13     | Killed a centaur warrior
 15095 | D:13     | Killed Kirke
 15435 | D:14     | Found a flagged portal.
 15435 | D:14     | Noticed Josephine
 15515 | D:14     | Reached skill level 13 in Fighting
 15547 | D:14     | Found a gate to the Vaults.
 15547 | D:14     | Noticed a vault guard
 15573 | D:14     | Killed a vault guard
 15657 | D:14     | Found an opulent altar of Gozag.
 15700 | D:14     | Reached XP level 13. HP: 122/122 MP: 15/15
 15902 | D:14     | Killed Josephine
 15905 | D:14     | Received a gift from Okawaru
 16207 | D:14     | Got a transparent ring mail
 16218 | D:14     | Identified the +1 ring mail of Hysteria {rElec} (You found it on level 14 of the Dungeon)
 16605 | D:14     | Noticed Rupert
 16662 | D:15     | Entered Level 15 of the Dungeon
 16958 | D:15     | Noticed Azrael
 17124 | Lair:1   | Entered Level 1 of the Lair of Beasts
 17158 | Lair:1   | Noticed Nergalle
 17168 | Lair:1   | Killed Nergalle
 17211 | Lair:1   | Noticed contrafett's ghost (novice TrMo)
 17227 | Lair:1   | Killed contrafett's ghost
 17264 | Lair:1   | Noticed Fannar
 17599 | Lair:1   | Killed Fannar
 18130 | Lair:2   | Reached skill level 1 in Evocations
 18194 | Lair:2   | Reached skill level 1 in Earth Magic
 18875 | Lair:3   | Reached skill level 14 in Fighting
 19006 | Lair:3   | Received a gift from Okawaru
 19459 | Lair:3   | Found a staircase to the Snake Pit.
 19918 | Lair:4   | Received a gift from Okawaru
 19991 | Lair:4   | Reached XP level 14. HP: 107/132 MP: 16/16
 20582 | Lair:5   | Reached ****** piety under Okawaru
 21304 | Lair:6   | Received a gift from Okawaru
 21842 | Lair:6   | Found a staircase to the Swamp.
 21881 | Lair:6   | Found a dark tunnel.
 22203 | Lair:6   | You fall through a shaft for 2 floors!
 22203 | Lair:8   | Entered Level 8 of the Lair of Beasts
 22628 | Lair:8   | Reached skill level 15 in Fighting
 22663 | Lair:8   | Reached skill level 5 in Evocations
 23086 | Lair:8   | Received a gift from Okawaru
 23089 | Lair:8   | Got a pair of slimy boots {god gift}
 23095 | Lair:8   | Identified the +2 pair of boots of Logaoro {rC+} (Okawaru gifted it to you on level 8 of the Lair of Beasts)
 23109 | Lair:8   | Found a runed door.
 23900 | Lair:8   | Reached XP level 15. HP: 137/141 MP: 18/18
 24265 | Lair:7   | Reached skill level 5 in Earth Magic
 24427 | Lair:7   | Got a fine ring mail
 24440 | Lair:7   | Identified the +5 ring mail of the Moon {Str+4} (You found it on level 7 of the Lair of Beasts)
 24622 | Lair:7   | Found a staircase to the Slime Pits.
 25940 | Orc:1    | Entered Level 1 of the Orcish Mines
 25940 | Orc:1    | Found a roughly hewn altar of Beogh.
 26112 | D:9      | Gained mutation: You are robust (+10% HP). [potion of mutation]
 26112 | D:9      | Gained mutation: You have sharp toenails. [potion of mutation]
 26112 | D:9      | Gained mutation: Your muscles are strong. (Str +2) [potion of mutation]
 26404 | D:9      | Reached skill level 15 in Armour
 26938 | Orc:2    | Entered Level 2 of the Orcish Mines
 26938 | Orc:2    | Found a staircase to the Elven Halls.
 26938 | Orc:2    | Noticed Snorg
 27024 | Orc:1    | Killed Snorg
 27107 | Orc:2    | Found Fahoz's Book Shoppe.
 27113 | Orc:2    | Received a gift from Okawaru
 27138 | Orc:2    | Found Vowkuot's Antique Weapon Emporium.
 27146 | Orc:2    | Paralysed by an orc sorcerer for 5 turns
 27155 | Orc:2    | Found Niaker's General Store.
 27155 | Orc:2    | Noticed an orc warlord
 27201 | Orc:2    | Killed an orc warlord
 27250 | Orc:2    | Bought a scroll of identify for 30 gold pieces
 27295 | Orc:2    | Paralysed by an orc sorcerer for 7 turns
 27352 | Orc:2    | Bought a warped quarterstaff for 225 gold pieces
 27352 | Orc:2    | Bought a runed lajatang for 375 gold pieces
 27354 | Orc:2    | Identified the +5 quarterstaff "Fogriv" {crush, rN+} (You bought it in a shop on level 2 of the Orcish Mines)
 27437 | Orc:2    | Found Vaqax's Antique Armour Emporium.
 27710 | Orc:2    | Noticed Blomdor's ghost (journeyman FoBe)
 27721 | Orc:2    | Killed Blomdor's ghost
 27721 | Orc:2    | Reached skill level 16 in Fighting
 27755 | Orc:2    | Found Tewei's Book Boutique.
 27763 | Orc:2    | Bought a book of Air for 490 gold pieces
 27766 | Orc:2    | Learned a level 2 spell: Repel Missiles
 28111 | Swamp:1  | Entered Level 1 of the Swamp
 28118 | Swamp:1  | Learned a level 1 spell: Apportation
 28248 | Swamp:1  | Received a gift from Okawaru
 28252 | Swamp:1  | Got a crude plate armour {god gift}
 28274 | Swamp:1  | Identified the +7 plate armour of the Dances {rPois rN+ Dex+3 SInv} (Okawaru gifted it to you on level 1 of the Swamp)
 28413 | Swamp:1  | Noticed a thorn hunter
 28428 | Swamp:1  | Killed a thorn hunter
 29881 | Swamp:2  | Reached XP level 16. HP: 162/166 MP: 20/20
 29909 | Swamp:2  | Reached skill level 15 in Dodging
 30569 | Swamp:2  | Got a serpentine bronze amulet
 30803 | Swamp:3  | Noticed a thorn hunter
 31159 | Swamp:3  | Received a gift from Okawaru
 31165 | Swamp:3  | Got a smoking hat {god gift}
 31204 | Swamp:3  | Identified the +2 hat "Gattumnu" {-Cast +Fly Regen+ MP+9} (Okawaru gifted it to you on level 3 of the Swamp)
 31887 | Swamp:3  | Killed a thorn hunter
 32186 | Swamp:4  | Entered Level 4 of the Swamp
 32622 | Swamp:3  | Reached skill level 17 in Fighting
 32853 | Swamp:4  | Noticed the 27-headed Lernaean hydra
 33027 | Swamp:4  | Noticed a thorn hunter
 33062 | Swamp:4  | Killed a thorn hunter
 33668 | Swamp:4  | Got a decaying rune of Zot
 34105 | Snake:1  | Entered Level 1 of the Snake Pit
 34124 | Snake:1  | Reached XP level 17. HP: 79/177 MP: 22/22
 34461 | Snake:1  | Received a gift from Okawaru
 34982 | Snake:1  | Noticed Nikola
 35023 | Snake:1  | Killed Nikola
 35023 | Snake:1  | Received a gift from Okawaru
 35317 | Snake:1  | Reached skill level 1 in Air Magic
 35778 | Snake:2  | Reached skill level 1 in Charms
 35826 | Snake:2  | Noticed Aizul
 35845 | Snake:2  | Killed Aizul
 36034 | Snake:2  | Received a gift from Okawaru
 36057 | Snake:2  | Identified the amulet "Fatrops" {Inacc rElec rN+++ MP+9 Stlth-} (You found it on level 2 of the Swamp)
 36971 | Snake:3  | Received a gift from Okawaru
 37632 | Snake:4  | Entered Level 4 of the Snake Pit
 37728 | Snake:4  | Received a gift from Okawaru
 37731 | Snake:4  | Got an encrusted shadow dragon armour {god gift}
 37746 | Snake:4  | Identified the +7 shadow dragon armour of Death Resistance {Int+8 Stlth++++} (Okawaru gifted it to you on level 4 of the Snake Pit)
 37872 | Snake:4  | Identified a scroll of acquirement
 37951 | Snake:4  | Reached skill level 18 in Fighting
 37974 | Snake:4  | Found a runed gate.
 37976 | Snake:4  | Found a runed gate.
 37976 | Snake:4  | Found a runed gate.
 38277 | Snake:4  | Reached XP level 18. HP: 110/189 MP: 23/23
 38650 | Snake:4  | Reached skill level 1 in Spellcasting
 39172 | Snake:4  | Received a gift from Okawaru
 39262 | Snake:4  | Got a serpentine rune of Zot
 39980 | Elf:1    | Entered Level 1 of the Elven Halls
 39983 | Elf:1    | Noticed Asterion
 40002 | Orc:2    | Killed Asterion
 40102 | Elf:1    | Noticed Donald
 40366 | Elf:1    | Killed Donald
 40594 | Elf:1    | Noticed Frances
 40601 | Elf:1    | Killed Frances
 40605 | Elf:1    | Reached XP level 19. HP: 199/199 MP: 25/25
 40642 | Elf:1    | Found Eqafewerph's Antique Armour Emporium.
 40731 | Elf:1    | Reached skill level 19 in Fighting
 40748 | Elf:1    | Received a gift from Okawaru
 41075 | Elf:1    | Identified a +7 rod of inaccuracy (10/10) (You acquired it on level 1 of the Elven Halls)
 41274 | Elf:1    | Found a runed door.
 41431 | Elf:1    | Identified the Reference Book on Cloudy Fire
 41539 | Elf:2    | Found a huge runed gate.
 41539 | Elf:2    | Found a huge runed gate.
 41539 | Elf:2    | Found a huge runed gate.
 41540 | Elf:2    | Found a huge runed gate.
 41541 | Elf:2    | Found a huge runed gate.
 41814 | Elf:2    | Reached skill level 10 in Evocations
 42732 | Elf:3    | Entered Level 3 of the Elven Halls
 43219 | Elf:3    | Received a gift from Okawaru
 43465 | Elf:3    | Received a gift from Okawaru
 43466 | Elf:3    | Cast into level 3 of the Abyss (a deep elf demonologist)
 43550 | Abyss:4  | Found a corrupted altar of Lugonu.
 43642 | Abyss:4  | Gained mutation: You expend magic power (3 MP) to strengthen your wands. [a cacodemon]
 43657 | Abyss:4  | Gained mutation: You are dopey. (Int -2) [a cacodemon]
 43663 | Abyss:4  | Noticed a bone dragon
 43683 | Abyss:4  | Killed a bone dragon
 43821 | Abyss:4  | Gained mutation: You are resistant to hostile enchantments. [a neqoxec]
 43824 | Abyss:4  | Gained mutation: You occasionally shout uncontrollably at your foes. [a neqoxec]
 43864 | Elf:3    | Escaped the Abyss
 43869 | Elf:3    | HP: 7/201 [acid (11)]
 43871 | Elf:3    | HP: 1/201 [deep elf elementalist] (11)]
 43875 | Elf:3    | Mangled by a deep elf blademaster

Skill      XL: |  1  2  3  4  5  6  7  8  9 10 11 12 13 14 15 16 17 18 19 |
---------------+----------------------------------------------------------+-----
Armour         | 1 2 3 4 5 6 8 9 11 12 13 14 15 16 17 18 | 18.7
Fighting       | 3 4 6 7 8 10 11 13 14 15 16 17 18 19 | 19.6
Staves         | 4 5 6 7 9 10 11 13 14 | 14.0
Dodging        | 4 5 7 8 9 10 12 13 14 15 16 17 18 | 18.1
Invocations    | 3 4 |  4.5
Evocations     | 2 5 7 9 10 | 10.5
Earth Magic    | 2 4 6 7 8 9 |  9.4
Air Magic      | 3 4 |  4.8
Charms         | 3 4 |  4.6
Spellcasting   | 2 3 |  3.5
Throwing       | |  2.0

Action                   |  1- 3 |  4- 6 |  7- 9 | 10-12 | 13-15 | 16-18 | 19-21 || total
-------------------------+-------+-------+-------+-------+-------+-------+-------++-------
Melee: Quarterstaff      |    97 |    92 |   366 |   810 |  1447 |       |       ||  2812
       Headbutt          |     8 |    18 |    63 |   233 |   629 |   448 |   169 ||  1568
       Lajatang          |       |       |       |       |   274 |  1364 |   461 ||  2099
Throw: Throwing net      |       |     8 |     3 |       |       |       |       ||    11
 Cast: Swiftness         |       |       |       |       |       |     2 |       ||     2
       Repel Missiles    |       |       |       |       |       |     1 |     4 ||     5
Invok: Heroism           |       |       |     1 |    11 |    16 |    15 |     7 ||    50
       Finesse           |       |       |       |     6 |     9 |    10 |     7 ||    32
Evoke: Wand              |       |       |       |    25 |    12 |    10 |       ||    47
  Use: Scroll            |     4 |     4 |     5 |    10 |    20 |    16 |     7 ||    66
       Potion            |       |       |     4 |     4 |    14 |    14 |     8 ||    44
 Stab: Held in net/web   |       |     1 |       |       |       |       |       ||     1
       Sleeping          |       |       |     1 |     1 |       |       |       ||     2
       Paralysed         |       |       |       |       |     8 |       |       ||     8
       Fleeing           |       |       |       |       |       |     1 |       ||     1
  Eat: Chunk             |     2 |     5 |    15 |    14 |    29 |     7 |     5 ||    77
       Fruit             |       |       |     1 |     1 |    20 |     4 |       ||    26
       Beef jerky        |       |       |       |     1 |     4 |     1 |       ||     6
       Bread ration      |       |       |       |     1 |       |     2 |     2 ||     5
       Pizza             |       |       |       |     2 |     1 |     4 |       ||     7
       Meat ration       |       |       |       |     2 |     2 |     2 |       ||     6
       Royal jelly       |       |       |       |       |       |     1 |       ||     1
Armor: Leather armour    |    23 |    12 |    54 |    25 |       |       |       ||   114
       Skin              |       |       |    10 |    21 |       |       |     1 ||    32
       Ring mail         |       |       |       |    81 |       |       |       ||    81
       Scale mail        |       |       |       |    64 |   404 |   645 |   115 ||  1228
Dodge: Dodged            |    64 |    59 |   250 |   509 |  1307 |  2085 |   424 ||  4698
       Deflected         |       |       |       |       |       |     2 |    10 ||    12
